 Dungeon Crawl Stone Soup version 0.30-a0-924-g0ad0bf95bc (webtiles) character file.

Game seed: 9402961611678606509

1605 lunkers the Basher (level 9, -19/71 HPs)
             Began as a Meteoran Reaver on Mar 22, 2023.
             Was a Believer of Nemelex Xobeh.
             Killed from afar by Maggie (30 damage)
             ... with a bolt of fire
             ... on level 7 of the Dungeon.
             The game lasted 00:11:53 (2376 turns).

lunkers the Basher (Meteoran Reaver)                Turns: 2376, Time: 00:11:54

Health: -19/71     AC: 11    Str: 17    XL:     9   Next: 38%
Magic:  16/16      EV: 11    Int: 15    God:    Nemelex Xobeh [**....]
Gold:   276        SH:  5    Dex: 14    Spells: 12/13 levels left

rFire   . . .      SeeInvis .    a - +1 mace
rCold   . . .      Faith    .    v - +2 buckler
rNeg    . . .      Spirit   .    i - +0 swamp dragon scales
rPois   +          Reflect  .    k - +0 helmet
rElec   .          Rampage  .    (no cloak)
rCorr   .                        g - +0 pair of gloves
Will    +....                    r - +0 pair of boots
Stlth   +                        (no amulet)
HPRegen 0.31/turn                (no ring)
MPRegen 0.15/turn                (no ring)

@: mesmerised, glowing
A: sense surroundings 2, otherworldly, glowing, explore regen
a: Renounce Religion, Draw Escape, Draw Destruction, Draw Summoning


You were on level 7 of the Dungeon.
You worshipped Nemelex Xobeh.
Nemelex Xobeh was pleased with you.
You visited 1 branch of the dungeon, and saw 7 of its levels.

You collected 276 gold pieces.

Inventory:

Hand Weapons
 a - a +1 mace (weapon)
Armour
 g - a +0 pair of gloves (worn)
 i - +0 swamp dragon scales (worn)
 k - a +0 helmet (worn)
 m - the +0 pair of boots of the Irksome God {*Slow rCorr Dex+5 Stlth+}
   (You found it on level 3 of the Dungeon)

   Dex:       It affects your dexterity (+5).
   rCorr:     It protects you from acid and corrosion.
   *Slow:     It may slow you when you take damage.
   Stlth:     It makes you more stealthy.
 r - a +0 pair of boots (worn)
 v - a +2 buckler (worn)
Jewellery
 c - a ring of see invisible
Wands
 n - a wand of charming (1)
 q - a wand of roots (5)
Scrolls
 f - a scroll of noise {unknown}
 s - a scroll of fog
 t - a scroll of teleportation
 u - a scroll of torment {unknown}
 w - a scroll of fear
Potions
 b - 2 potions of mutation
 e - a potion of lignification {unknown}
 h - 4 potions of curing
 j - a potion of attraction {unknown}
 l - a potion of ambrosia {unknown}
 o - a potion of degeneration {unknown}
 p - a potion of brilliance {unknown}


   Skills:
 + Level 3.8 Fighting
 * Level 10.9 Maces & Flails
 + Level 3.2 Armour
 - Level 2.4 Dodging
 - Level 2.6 Spellcasting
 - Level 3.6 Conjurations
 + Level 8.2 Invocations


You had 12 spell levels left.
You knew the following spells:

 Your Spells              Type           Power      Damage    Failure   Level
p - Kiss of Death         Conj/Necr      28%        2d7       24%         1

Your spell library contained the following spells:

 Spells                   Type           Power      Damage    Failure   Level
 Momentum Strike          Conj/Tloc      14%        3d8       36%         2
 Cigotuvi's Dreadful Rot  Necr/Pois/Air  4%         N/A       58%         2
 Poisonous Vapours        Pois/Air       4%         N/A       58%         2
 Sublimation of Blood     Necr           2%         N/A       58%         2
 Hailstorm                Conj/Ice       7%         3d4       58%         3
 Mephitic Cloud           Conj/Pois/Air  5%         N/A       67%         3
 Ignite Poison            Fire/Tmut/Pois 2%         N/A       83%         3
 Kindle Blastsparks       Fire/Tloc/Air  4%         2d10      83%         3
 Cause Fear               Hex            1%         N/A       99%         4
 Petrify                  Tmut/Erth      2%         N/A       99%         4
 Summon Lightning Spire   Summ/Air       2%         N/A       99%         4
 Freezing Cloud           Conj/Ice/Air   2%         6-21      100%        5
 Irradiate                Conj/Tmut      3%         3d12      100%        5
 Dragon Form              Tmut           1%         N/A       100%        7
 Storm Form               Tmut/Air       1%         N/A       100%        7
 Maxwell's Capacitive Co  Air            1%         ∞         100%        8
 Dragon's Call            Summ           1%         N/A       100%        9


Dungeon Overview and Level Annotations

Branches:
Dungeon (7/15) Zot: 1816   Temple (0/1) D:7

Altars:
Nemelex Xobeh

Annotations:
D:4 1 runed translucent door
D:7 Maggie


Innate Abilities, Weirdness & Mutations

You passively map the area around you.
You are easily found by Zot.
You glow in the dark.
You regain HP and MP as you explore.


Message History

Roots grab Maggie.
The grasping roots constrict Maggie.
Maggie hits you with a +0 morningstar.
* * * LOW HITPOINT WARNING * * *
Unknown command.
Unknown command.
Okay, then.
You hit Maggie.
Maggie is severely wounded.
The grasping roots constrict Maggie.
The roots release their grip on Maggie.
Maggie hits you but does no damage.
You hit Maggie.
Maggie is severely wounded.
Maggie zaps a wand.
You block the puff of flame.
You barely miss Maggie.
Maggie is severely wounded.
Maggie hits you with a +0 morningstar!
* * * LOW HITPOINT WARNING * * *
You feel much better. Maggie closely misses you.
A centaur comes into view.
The centaur shouts!
You hit Maggie.
Maggie is severely wounded.
The centaur wields a +0 shortbow.
The centaur shoots an arrow.
The arrow hits you!
* * * LOW HITPOINT WARNING * * *
Maggie barely misses you.
You hit Maggie.
Maggie is severely wounded.
The centaur shoots an arrow.
The arrow completely misses you.
You barely miss Maggie.
Maggie is severely wounded.
Maggie hits you with a +0 morningstar!
* * * LOW HITPOINT WARNING * * *
The centaur shoots an arrow.
The arrow closely misses you.
You hit Maggie but do no damage.
Maggie is severely wounded.
Maggie points at you and mumbles some strange words.
The bolt of fire hits you!!
You die...
Your body disappears without additional glow.

, * , , #...#...... ,,
,..#. ,.#...'...... , ,
,,.#.,## .#...#)).... *
,
,*##..#..###.###.)..##.
* * ,
[..#.............##. *
* c.#..###.###....... ,
, #..##...#...#..##.. ,
, #.@.#...#......##.. *
, * #@.#...#..........
, ,
#...#..###..........> *
,#...#...#.....##.....
, #...#...#....###.##..
* ..###.###..#.##
#.##.. ,,,
#...........#.# #.....
* #. .##.##.....#
#####. ,.,#,*## #.##.##
## * , , .. .#


You could see Maggie (mesmerising) and a centaur.

Vanquished Creatures
  Prince Ribbit (D:6)
  A water moccasin (D:7)
  2 ice beasts
  An orc warrior (D:7)
  An ogre (D:5)
  2 centaurs
  A phantom (D:4)
  A scorpion (D:5)
  A howler monkey (D:5)
  A hound (D:4)
  2 jellies
  3 orc priests
  Ijyb (D:3)
  3 orc wizards
  Robin (D:3)
  5 adders
  A white imp (D:7)
  An ufetubus (D:4)
  3 worms
  A dart slug (D:4)
  13 orcs
  8 ball pythons
  4 endoplasms
  2 giant cockroaches
  13 goblins
  4 hobgoblins
  4 jackals
  6 kobolds
  3 bats
  4 frilled lizards (D:1)
  A rat (D:1)
95 creatures vanquished.

Vanquished Creatures (collateral kills)
  An orc warrior (D:6)
  An ogre (D:4)
  An endoplasm (D:4)
  A goblin (D:4)
4 creatures vanquished.

Vanquished Creatures (others)
  6 fungi (D:4)
6 creatures vanquished.

Grand Total: 105 creatures vanquished

Notes
Turn   | Place    | Note
-------+----------+-------------------------------------------
     0 | D:1      | lunkers the Meteoran Reaver began the quest for the Orb.
     0 | D:1      | Reached XP level 1. HP: 17/17 MP: 5/5
   126 | D:1      | Reached XP level 2. HP: 24/24 MP: 6/6
   221 | D:1      | Reached skill level 5 in Maces & Flails
   239 | D:1      | Reached XP level 3. HP: 13/29 MP: 8/8
   463 | D:2      | Reached XP level 4. HP: 20/36 MP: 9/9
   476 | D:2      | Reached skill level 6 in Maces & Flails
   513 | D:2      | Found a faded altar of an unknown god.
   528 | D:2      | Prayed at the altar of an unknown god.
   528 | D:2      | Became a worshipper of Nemelex Xobeh the Trickster
   528 | D:2      | Reached * piety under Nemelex Xobeh
   528 | D:2      | Received a gift from Nemelex Xobeh
   599 | D:3      | Identified the +0 pair of boots of the Irksome God {*Slow
                  | rCorr Dex+5 Stlth+}
   663 | D:3      | Noticed Ijyb
   706 | D:3      | Killed Ijyb
   707 | D:3      | Reached skill level 1 in Invocations
   707 | D:3      | Reached XP level 5. HP: 40/41 MP: 10/10
   891 | D:3      | Noticed Robin
   929 | D:3      | Killed Robin
  1003 | D:4      | Found a runed translucent door.
  1019 | D:4      | Noticed a phantom
  1032 | D:4      | Killed a phantom
  1033 | D:4      | Reached skill level 7 in Maces & Flails
  1033 | D:4      | Reached XP level 6. HP: 47/48 MP: 11/11
  1106 | D:4      | Noticed an ogre
  1129 | D:4      | Killed an ogre
  1130 | D:4      | Reached skill level 8 in Maces & Flails
  1130 | D:4      | Reached XP level 7. HP: 28/55 MP: 12/12
  1153 | D:4      | Reached ** piety under Nemelex Xobeh
  1279 | D:4      | Reached skill level 5 in Invocations
  1344 | D:5      | Entered Level 5 of the Dungeon
  1503 | D:5      | Identified the +1 long sword of Ridy {vamp, rF++ Dex+2
                  | SInv}
  1743 | D:6      | Reached skill level 9 in Maces & Flails
  1743 | D:6      | Reached XP level 8. HP: 40/61 MP: 13/13
  1757 | D:6      | Noticed Prince Ribbit
  1789 | D:6      | Killed Prince Ribbit
  1903 | D:6      | Reached skill level 1 in Armour
  2039 | D:6      | Reached skill level 10 in Maces & Flails
  2143 | D:7      | Gained mutation: You passively map the area around you.
                  | [Meteoran growth]
  2143 | D:7      | Reached XP level 9. HP: 22/69 MP: 15/15
  2257 | D:7      | Found a staircase to the Ecumenical Temple.
  2346 | D:7      | Noticed Maggie
  2376 | D:7      | Killed from afar by Maggie

Illustrated notes

Levels and vault maps discovered:
D:1:      psy_arrival_spokes, layout_basic, amcnicky_mini_corridor_feature,
          minmay_misc_feat_ornament, minmay_pentomino_v2
D:2:      minmay_roachtagon, layout_basic, basic_altar,
          hellmonk_ecumenical_altar_inner_sanctum
D:3:      layout_loops_corners, uniq_ijyb, uniq_robin
D:4:      layout_rooms, kennysheep_mini_moat, serial_aquarium,
          aquarium_bridge_straight [aquarium_subvault_bridge,
          aquarium_subvault_balcony, aquarium_subvault_bridge,
          aquarium_subvault_wall], aquarium_window_fake, aquarium_window_fake,
          aquarium_window_corner, aquarium_window_fake, aquarium_view_2a,
          aquarium_balcony_5b, aquarium_pool_1, ebering_ghost_sewer_d
D:5:      layout_loops_ring, zin_angel, minivault_11, kb_lookout_dungeons_type
D:6:      layout_loops_ring, gammafunk_ghost_nasty_kobolds, uniq_prince_ribbit1
D:7:      layout_gridville, minmay_temple_entry_stoned_glass, nicolae_titane,
          uniq_maggie

Skill      XL: |  1  2  3  4  5  6  7  8  9 |
---------------+----------------------------+-----
Maces & Flails | 5 6 7 8 9 10 | 10.9
Invocations    | 1 3 4 6 7 8 |  8.2
Armour         | 2 3 |  3.2
Fighting       | 3 |  3.8
Dodging        | |  2.4
Spellcasting   | |  2.6
Conjurations   | |  3.6

Action                     |  1- 3 |  4- 6 |  7- 9 || total
---------------------------+-------+-------+-------++-------
  Melee: Mace              |   104 |   103 |   243 ||   450
         Punch             |       |       |     1 ||     1
 Invoke: Draw Destruction  |       |     5 |       ||     5
         Draw Summoning    |       |     1 |     2 ||     3
  Evoke: Wand              |       |       |     3 ||     3
    Use: Scroll            |       |     2 |     7 ||     9
         Potion            |       |       |     1 ||     1
 Armour: Ring mail         |    76 |       |       ||    76
         Swamp dragon scal |     1 |    68 |   107 ||   176
  Dodge: Dodged            |    65 |    82 |   114 ||   261
  Block: Buckler           |       |       |    36 ||    36

Table legend: (Time is in decaauts)
 A = Elapsed time spent in this place.
 B = Non-inter-level travel time spent in this place.
 C = Inter-level travel time spent in this place.
 D = Time resting spent in this place.
 E = Time spent auto-exploring this place.
 F = Levels seen in this place.
 G = Mean time per level.
                   A        B        C        D        E       F      G
               +--------+--------+--------+--------+--------+-----+--------+
         Total |   2382 |   2240 |    142 |      0 |   1208 |   7 |  340.3 |
       Dungeon |   2382 |   2240 |    142 |      0 |   1208 |   7 |  340.3 |
               +--------+--------+--------+--------+--------+-----+--------+

Top non-repeatable levels by time:
     D:3: 409 daAuts
     D:6: 402 daAuts
     D:5: 363 daAuts
     D:1: 358 daAuts
     D:4: 354 daAuts
     D:7: 251 daAuts
     D:2: 243 daAuts
